 Dungeon Crawl Stone Soup version 0.21.1-1-g345015fe64 (webtiles) character file.

105 Ivernyr the Vexing (level 4, -5/34 HPs)
             Began as a Gnoll Arcane Marksman on Mar 22, 2018.
             Slain by an orc
             ... wielding a +0 morningstar
              (8 damage)
             ... on level 2 of the Dungeon.
             The game lasted 00:36:29 (3510 turns).

Ivernyr the Vexing (Gnoll Arcane Marksman)          Turns: 3510, Time: 00:36:29

Health: -5/34      AC:  2    Str: 13    XL:     4   Next: 83%
Magic:  8/8        EV: 15    Int: 15    God:
Gold:   119        SH:  4    Dex: 16    Spells: 1/9 levels left

rFire    . . .     SeeInvis +   j - +0 dagger
rCold    . . .     Gourm    .   (no shield)
rNeg     . . .     Faith    .   a - +0 robe
rPois    .         Spirit   .   (no helmet)
rElec    .         Reflect  +   (no cloak)
rCorr    .         Harm     .   (no gloves)
MR       .....                  (no boots)
Stlth    ++........             e - +4 amulet of reflection
HPRegen  0.11/turn              g - ring of see invisible
MPRegen  0.11/turn              (no ring)

@: starving
A: distributed training, fangs 1, strong nose
a: no special abilities


You were on level 2 of the Dungeon.
You were starving.

You visited 1 branch of the dungeon, and saw 3 of its levels.

You collected 119 gold pieces.

Inventory:

Hand Weapons
 j - a +0 dagger (weapon)
Missiles
 c - 2 javelins (quivered)
 d - 2 throwing nets
Armour
 a - a +0 robe (worn)
Jewellery
 e - a +4 amulet of reflection (around neck)
 g - a ring of see invisible (left hand)
Scrolls
 h - a scroll of noise {unknown}
 k - a scroll of teleportation {unknown}
 m - 3 scrolls of identify {unknown}
 o - a scroll of magic mapping {unknown}
 p - a scroll of remove curse {unknown}
 q - a scroll of enchant weapon {unknown}
 r - a scroll of blinking {unknown}
 u - a scroll of enchant armour {unknown}
 v - 2 scrolls of fear {unknown}
Potions
 i - 2 potions of resistance {unknown}
 l - 2 potions of mutation {unknown}
 n - a potion of heal wounds {unknown}
 s - a potion of haste {unknown}
 t - a potion of might {unknown}
Books
 b - a book of Debilitation

   Spells                             Type                      Level
   a - Corona                         Hexes                        1
   b - Slow                           Hexes                        2
   c - Inner Flame                    Hexes/Fire                   3
   d - Portal Projectile              Hexes/Translocation          3
   e - Cause Fear                     Hexes                        4
   f - Leda's Liquefaction            Hexes/Earth                  4
Comestibles
 f - 5 rations


   Skills:
 + Level 2.8 Fighting
 + Level 1.2 Short Blades
 + Level 1.2 Long Blades
 + Level 1.2 Axes
 + Level 1.2 Maces & Flails
 + Level 1.2 Polearms
 + Level 1.2 Staves
 + Level 1.2 Slings
 + Level 1.2 Bows
 + Level 1.2 Crossbows
 + Level 4.7 Throwing
 + Level 1.2 Armour
 + Level 4.7 Dodging
 + Level 1.2 Stealth
 + Level 1.2 Shields
 + Level 1.2 Unarmed Combat
 + Level 3.0 Spellcasting
 + Level 1.0 Conjurations
 + Level 5.5 Hexes
 + Level 1.0 Charms
 + Level 1.0 Summonings
 + Level 1.0 Necromancy
 + Level 1.0 Translocations
 + Level 1.0 Transmutations
 + Level 1.0 Fire Magic
 + Level 1.0 Ice Magic
 + Level 1.0 Air Magic
 + Level 1.0 Earth Magic
 + Level 1.0 Poison Magic
 + Level 1.3 Invocations
 + Level 1.2 Evocations


You had one spell level left.
You knew the following spells:

 Your Spells              Type           Power        Failure   Level  Hunger
a - Corona                Hex            ###....      1%          1    #......
b - Portal Projectile     Hex/Tloc       ##....       16%         3    ###....
c - Cause Fear            Hex            ###.......   21%         4    #####..


Dungeon Overview and Level Annotations

Branches:
Dungeon (3/15)

Altars:
Fedhas
Okawaru
Sif Muna
Vehumet

Annotations:
D:3 Ivernyr's ghost, amateur GnAM; Natasha


Innate Abilities, Weirdness & Mutations

Your experience applies equally to all skills.
You have very sharp teeth.
Your uncanny sense of smell can sniff out nearby items.


Message History

The orc hits you with a morningstar!
You hit the orc.
The orc is lightly wounded.
The orc barely misses you.
You hit the orc but do no damage.
The orc is lightly wounded.
The orc closely misses you.
You barely miss the orc.
The orc is lightly wounded.
You hit the orc but do no damage.
The orc is lightly wounded.
The orc closely misses you.
You barely miss the orc.
The orc is lightly wounded.
The orc hits you with a morningstar!
* * * LOW HITPOINT WARNING * * *
You barely miss the orc.
The orc is lightly wounded.
The orc hits you with a morningstar!
You die...

##8..(†...............######.....
###_.⌠#...............# #.....
.##.###...............# #.....
.#####......(.........# ####.....
.####(#....(....##.######........
.....................s....##.....
#.....#.........##"#########.....
####..#.........##.# ####.....
#####..####.....@o.# #........
..................## #........
.........#...<...## #........
.......#####.....##########......
............)........#..(.....#..
..<....##..##..........#.........
...........###..(..(.............
........##.....##....##..........
........######..)................


You could see an orc.

Vanquished Creatures
  2 adders
  2 oozes (D:2)
  2 worms (D:2)
  A dart slug (D:1)
  5 leopard geckos
  2 orcs
  3 giant cockroaches
  8 hobgoblins
  5 jackals
  2 quokkas (D:2)
  6 bats
  2 frilled lizards (D:3)
  7 goblins
  9 kobolds
  4 rats
60 creatures vanquished.

Vanquished Creatures (others)
  A goblin (D:2)
1 creature vanquished.

Grand Total: 61 creatures vanquished

Notes
Turn   | Place    | Note
-------+----------+-------------------------------------------
     0 | D:1      | Ivernyr the Gnoll Arcane Marksman began the quest for the Orb.
     0 | D:1      | Reached XP level 1. HP: 17/17 MP: 4/4
   171 | D:1      | Reached XP level 2. HP: 23/23 MP: 3/5
   883 | D:1      | Reached XP level 3. HP: 23/28 MP: 2/7
  1368 | D:2      | Reached skill level 1 in Invocations
  1539 | D:2      | Reached skill level 1 in Short Blades
  1539 | D:2      | Reached skill level 1 in Long Blades
  1539 | D:2      | Reached skill level 1 in Axes
  1539 | D:2      | Reached skill level 1 in Maces & Flails
  1539 | D:2      | Reached skill level 1 in Polearms
  1539 | D:2      | Reached skill level 1 in Staves
  1539 | D:2      | Reached skill level 1 in Slings
  1539 | D:2      | Reached skill level 1 in Bows
  1539 | D:2      | Reached skill level 1 in Crossbows
  1539 | D:2      | Reached skill level 1 in Armour
  1539 | D:2      | Reached skill level 1 in Stealth
  1539 | D:2      | Reached skill level 1 in Shields
  1539 | D:2      | Reached skill level 1 in Unarmed Combat
  1539 | D:2      | Reached skill level 1 in Evocations
  1586 | D:2      | Reached XP level 4. HP: 26/34 MP: 8/8
  1857 | D:2      | HP: 1/34 [worm (6)]
  2229 | D:2      | Found a radiant altar of Vehumet.
  2280 | D:2      | Found a deep blue altar of Sif Muna.
  2282 | D:2      | Found an iron altar of Okawaru.
  2543 | D:3      | Found a blossoming altar of Fedhas.
  2559 | D:3      | Noticed Ivernyr's ghost (amateur GnAM)
  2697 | D:3      | Reached skill level 1 in Conjurations
  2697 | D:3      | Reached skill level 1 in Charms
  2697 | D:3      | Reached skill level 1 in Summonings
  2697 | D:3      | Reached skill level 1 in Necromancy
  2697 | D:3      | Reached skill level 1 in Translocations
  2697 | D:3      | Reached skill level 1 in Transmutations
  2697 | D:3      | Reached skill level 1 in Fire Magic
  2697 | D:3      | Reached skill level 1 in Ice Magic
  2697 | D:3      | Reached skill level 1 in Air Magic
  2697 | D:3      | Reached skill level 1 in Earth Magic
  2697 | D:3      | Reached skill level 1 in Poison Magic
  2901 | D:3      | Noticed Natasha
  3359 | D:2      | Learned a level 3 spell: Portal Projectile
  3364 | D:2      | Learned a level 4 spell: Cause Fear
  3510 | D:2      | Slain by an orc

Skill      XL: |  1  2  3  4 |
---------------+-------------+-----
Invocations    | 1 |  1.3
Short Blades   | 1 |  1.2
Long Blades    | 1 |  1.2
Axes           | 1 |  1.2
Maces & Flails | 1 |  1.2
Polearms       | 1 |  1.2
Staves         | 1 |  1.2
Slings         | 1 |  1.2
Bows           | 1 |  1.2
Crossbows      | 1 |  1.2
Armour         | 1 |  1.2
Stealth        | 1 |  1.2
Shields        | 1 |  1.2
Unarmed Combat | 1 |  1.2
Evocations     | 1 |  1.2
Spellcasting   | 3 |  3.0
Conjurations   | 1 |  1.0
Charms         | 1 |  1.0
Summonings     | 1 |  1.0
Necromancy     | 1 |  1.0
Translocations | 1 |  1.0
Transmutations | 1 |  1.0
Fire Magic     | 1 |  1.0
Ice Magic      | 1 |  1.0
Air Magic      | 1 |  1.0
Earth Magic    | 1 |  1.0
Poison Magic   | 1 |  1.0
Fighting       | |  2.8
Throwing       | |  4.7
Dodging        | |  4.7
Hexes          | |  5.5

Action                   |  1- 3 |  4- 6 || total
-------------------------+-------+-------++-------
Melee: Unarmed           |    39 |       ||    39
       Bite              |    15 |    21 ||    36
       Dagger            |   122 |   185 ||   307
       Club              |     5 |       ||     5
Throw: Javelin           |       |     4 ||     4
 Cast: Corona            |    42 |    30 ||    72
 Stab: Sleeping          |     2 |       ||     2
  Eat: Chunk             |     2 |     5 ||     7
Armor: Robe              |    17 |    22 ||    39
Dodge: Dodged            |    95 |   139 ||   234
Block: Other             |    27 |    29 ||    56
       Reflection        |     1 |     2 ||     3
